 Dungeon Crawl Stone Soup version 0.23-a0-639-ga9a3373 (console) character file.

72 Duffy the Conjurer (level 4, 30/30 HPs)
             Began as a Demonspawn Fire Elementalist on Dec 29, 2018.
             Quit the game on level 2 of the Dungeon.
             The game lasted 00:01:30 (1583 turns).

Duffy the Conjurer (Demonspawn Fire Elementalist)   Turns: 1583, Time: 00:01:31

Health: 30/30      AC:  2    Str:  8    XL:     4   Next: 6%
Magic:  4/7        EV: 14    Int: 17    God:
Gold:   20         SH:  0    Dex: 14    Spells: 6/7 levels left

rFire    + . .     SeeInvis .   l - +1 spear (pierce)
rCold    x . .     Gourm    .   (no shield)
rNeg     . . .     Faith    .   a - +0 robe
rPois    .         Spirit   .   (no helmet)
rElec    .         Reflect  .   (no cloak)
rCorr    .         Harm     .   (no gloves)
MR       .....                  (no boots)
Stlth    ++........             (no amulet)
HPRegen  0.10/turn              b - ring of fire
MPRegen  0.10/turn              (no ring)

@: no status effects
A: repulsion field 1, spiny 1
a: no special abilities


You were on level 2 of the Dungeon.
You were not hungry.

You visited 1 branch of the dungeon, and saw 2 of its levels.

You collected 20 gold pieces.

Inventory:

Hand Weapons
 h - a +0 short sword
 l - a +1 spear of piercing (weapon)
Missiles
 m - a throwing net (quivered)
Armour
 a - a +0 robe (worn)
Jewellery
 b - a ring of fire (left hand)
Scrolls
 f - 2 scrolls of identify {unknown}
 j - a scroll of immolation {unknown}
 p - a scroll of fog {unknown}
Potions
 e - a potion of heal wounds {unknown}
 g - a potion of agility {unknown}
 i - a potion of brilliance {unknown}
 k - a potion of might {unknown}
 n - a potion of haste {unknown}
 o - 2 potions of ambrosia {unknown}
Comestibles
 c - a ration
 d - 2 chunks of flesh


   Skills:
 - Level 1.7 Dodging
 - Level 1.7 Stealth
 + Level 2.4 Spellcasting
 + Level 3.1 Conjurations
 + Level 3.1 Fire Magic


You had 6 spell levels left.
You knew the following spells:

 Your Spells              Type           Power        Failure   Level  Hunger
h - Flame Tongue          Conj/Fire      ###..        4%          1    #......

Your spell library contained the following spells:

 Spells                   Type           Power        Failure   Level  Hunger
 Throw Flame              Conj/Fire      ###...       8%          2    ##.....
 Conjure Flame            Conj/Fire      ###.....     16%         3    ###....
 Inner Flame              Hex/Fire       ##......     28%         3    ###....
 Sticky Flame             Conj/Fire      ###.....     45%         4    #####..
 Fireball                 Conj/Fire      ###.......   80%         5    ######.


Dungeon Overview and Level Annotations

Branches:
Dungeon (2/15)

Altars:


Innate Abilities, Weirdness & Mutations

You are surrounded by a mild repulsion field. (EV +2)
You are partially covered in sharp spines.


Message History

You open the large door.
An ooze comes into view.
Casting: Flame Tongue (safe; 5% risk of failure)
Confirm with . or Enter, or press ? or * to list all spells.
Aiming: Flame Tongue (safe; 5% risk of failure)
Press: ? - help, Shift-Dir - straight line, f - ooze
Aim: an ooze (resting)
You feel a surge of power!
The flame tongue hits the ooze.
The ooze is heavily wounded.
Casting: Flame Tongue (safe; 5% risk of failure)
Confirm with . or Enter, or press ? or * to list all spells.
Aiming: Flame Tongue (safe; 5% risk of failure)
Press: ? - help, Shift-Dir - straight line, f/p - ooze
Aim: an ooze (heavily wounded)
You feel a surge of power!
The flame tongue hits the ooze.
You kill the ooze!
You have reached level 4!
You feel agile.
Your demonic ancestry asserts itself...
Sharp spines emerge from parts of your body.
Are you sure you want to abandon this character and quit the game? (Confirm

#........#.....
#......#.#.#...
#......#.#.#...
####......#.#.####
#.....#...#.#.#
#.....#...#.#.# #
+.....# ...#.#
#..##.....#####.#.#
#..''@....'...+...+
#..##.....####....#
# #...### #..###
###.# #..# #(# #..#
#.# #..# #.# #..#
#.. #..# #.. #..#


There were no monsters in sight!

Vanquished Creatures
  An adder (D:2)
  2 oozes (D:2)
  A worm (D:2)
  5 dart slugs
  2 leopard geckos
  6 goblins
  2 hobgoblins (D:1)
  6 jackals
  A quokka (D:2)
  A ball python (D:1)
  7 bats
  3 kobolds
  2 rats
39 creatures vanquished.

Notes
Turn   | Place    | Note
-------+----------+-------------------------------------------
     0 | D:1      | Duffy the Demonspawn Fire Elementalist began the quest for
                  | the Orb.
     0 | D:1      | Reached XP level 1. HP: 13/13 MP: 3/3
   214 | D:1      | Gained mutation: You are surrounded by a mild repulsion
                  | field. (EV +2) [demonic ancestry]
   214 | D:1      | Reached XP level 2. HP: 19/19 MP: 1/5
   806 | D:1      | Reached XP level 3. HP: 16/24 MP: 0/6
  1582 | D:2      | Gained mutation: You are partially covered in sharp spines.
                  | [demonic ancestry]
  1582 | D:2      | Reached XP level 4. HP: 30/30 MP: 4/7
  1583 | D:2      | Quit the game

Vault maps used:
D:1:      co_arrival_square_in_a_square_in_a_square
D:2:      serial_co_window_serial, co_window_paths_b, co_window_paths_b,
          co_window_paths_b, co_window_corner_a, co_window_paths_a,
          co_window_of_opportunity_b, co_window_paths_c, co_window_cross_2,
          co_window_corner_b, co_window_of_opportunity_c, co_window_corner_b,
          co_window_4corner_b, glass_columns_a, glass_columns_b,
          glass_columns_a, glass_columns_a

Skill      XL: |  1  2  3 |
---------------+----------+-----
Conjurations   | 2 3 |  3.1
Fire Magic     | 3 |  3.1
Dodging        | |  1.7
Stealth        | |  1.7
Spellcasting   | |  2.4

Action                   |  1- 3 |  4- 6 || total
-------------------------+-------+-------++-------
Melee: Short sword       |     5 |       ||     5
       Spear             |     6 |       ||     6
 Cast: Flame Tongue      |    65 |     1 ||    66
  Eat: Chunk             |     3 |       ||     3
Armor: Robe              |     6 |       ||     6
Dodge: Dodged            |    27 |       ||    27

Table legend:
 A = Non-vault XP
 B = Vault XP
 C = Vault XP percentage of total XP
 D = Non-vault monster count
 E = Vault monster count
 F = Vault count percentage of total count
                 A         B        C        D         E       F
            +---------+---------+-------+---------+---------+-------
      Total |     103 |       0 |   0.0 |      39 |       0 |   0.0
            +---------+---------+-------+---------+---------+-------
        D:1 |      49 |       0 |   0.0 |      24 |       0 |   0.0
        D:2 |      54 |       0 |   0.0 |      15 |       0 |   0.0
            +---------+---------+-------+---------+---------+-------
